 Dungeon Crawl Stone Soup version 0.26-a0-579-g3afe4966bf (webtiles) character file.

Game seed: 2957977801277802460

(classic levelgen) 9863 EnegeticOcto the Severer (level 11, -9/92 HPs)
             Began as a Deep Dwarf Fighter on Aug 23, 2020.
             Was a Follower of Ru.
             Mangled by an orc warrior
             ... wielding a +0 halberd
             ... led by an orc high priest
              (12 damage)
             ... on level 2 of the Orcish Mines.
             The game lasted 00:10:43 (1620 turns).

EnegeticOcto the Severer (Deep Dwarf Fighter)       Turns: 1620, Time: 00:10:44

Health: -9/92      AC: 12    Str: 23    XL:     11   Next: 28%
Magic:  14/14      EV:  6    Int:  9    God:    Ru [*.....]
Gold:   337        SH: 11    Dex: 21    Spells: 16/18 levels left

rFire    . . .     SeeInvis .   E - +3 hand axe of the Endless Princes {vorpal, Dex+3}
rCold    . . .     Faith    .   c - +0 kite shield
rNeg     . . .     Spirit   .   z - +0 plate armour
rPois    .         Reflect  .   k - +2 hat
rElec    .         Harm     .   (no cloak)
rCorr    .                      (no gloves)
MR       +....                  (no boots)
Stlth    ..........             (no amulet)
HPRegen  0.00/turn              w - +6 ring of dexterity
MPRegen  0.14/turn              (no ring)

@: non-regenerating
A: damage resistance, heal wounds, sense surroundings 2, inability to train
armour, no regeneration
a: Heal Wounds, Renounce Religion


You were on level 2 of the Orcish Mines.
You worshipped Ru.
Ru was aware of your devotion.
You visited 3 branches of the dungeon, and saw 13 of its levels.
You also visited: Bailey.

You collected 337 gold pieces.

Inventory:

Hand Weapons
 a - a +0 war axe
 q - a +2 war axe
 x - a +0 hand axe of electrocution
 y - a +2 vorpal morningstar
 A - a +0 hand axe of freezing
 C - a +0 broad axe
 E - the +3 hand axe of the Endless Princes (weapon) {vorpal, Dex+3}
   (You found it in a bailey)

   It inflicts extra damage upon your enemies.
   It affects your dexterity (+3).
Missiles
 f - 5 curare-tipped darts (quivered)
 v - a throwing net {!f}
Armour
 b - a +0 scale mail
 c - a +0 kite shield (worn)
 k - a +2 hat (worn)
 m - a +0 chain mail
 z - a +0 plate armour (worn)
Jewellery
 w - a +6 ring of dexterity (left hand)
Wands
 n - a wand of disintegration (10)
 o - a wand of acid (6) {@v1}
 p - a wand of flame (21) {@v4}
 r - a wand of polymorph (8)
Scrolls
 e - 3 scrolls of blinking {@r4}
 g - 4 scrolls of remove curse {@r2}
 j - a scroll of fog {!r}
 B - a scroll of teleportation {@r3 !r}
 D - a scroll of acquirement
Potions
 d - a potion of might {@q3 !q}
 h - a potion of cancellation
 i - 2 potions of degeneration
 l - a potion of haste {@q4 !q}
 s - a potion of brilliance
 t - 2 potions of heal wounds {@q2 !q}
 u - 3 potions of curing {unknown}


   Skills:
 + Level 4.3 Fighting
 - Level 16.0 Axes
 + Level 3.7 Dodging
 + Level 5.2 Shields
 - Level 4.0 Spellcasting
 + Level 5.0 Evocations


You had 16 spell levels left.
You knew the following spells:

 Your Spells              Type           Power        Failure   Level
Y - Blink                 Tloc           N/A          100%        2

Your spell library contained the following spells:

 Spells                   Type           Power        Failure   Level
 Magic Dart               Conj           #...         100%        1
 Call Imp                 Summ           #.......     100%        2
 Slow                     Hex            #.......     100%        2
 Conjure Flame            Conj/Fire      #.......     100%        3
 Mephitic Cloud           Conj/Pois/Air  #.......     100%        3


Dungeon Overview and Level Annotations

Branches:
Dungeon (10/15)            Temple (1/1) D:5             Orc (2/2) D:10
 Bailey (visited)
   Lair: D:8-11         Elf: Orc:2

Altars:
Dithmenos
Elyvilon
Gozag
Hepliaklqana
Makhleb
Qazlal
Ru
Uskayaw
Wu Jian


Innate Abilities, Weirdness & Mutations

You are resistant to damage.
You can heal yourself by infusing magical energy.
You passively map the area around you.
You cannot train Armour skill.
You do not regenerate.


Message History

You slash the goblin!
You kill the goblin!
You hit the goblin. The goblin hits you but does no damage.
You barely miss the goblin.
The goblin is almost dead.
You block the goblin's attack.
You closely miss the goblin.
The goblin is almost dead.
You completely miss the goblin.
The goblin is almost dead.
The goblin hits you with a +0 hand axe.
You slash the goblin!
You kill the goblin!
No target in view!
No target in view!
Search for what [? for help]? .
You see here 3 boomerangs.
There is an open gate here.
There is an empty arch of ancient stone here.
There is a gate leading back out of this place here.
Welcome back to the Dungeon!
There is an empty arch of ancient stone here.
There is a stone staircase leading up here.
You climb upwards.
There is a stone staircase leading down here.
You climb downwards.
There is a stone staircase leading up here.
There is a stone staircase leading up here.
You climb upwards.
There is a stone staircase leading down here.
You climb downwards.
There is a stone staircase leading up here.
Items here: ) [[ รท.
A bullfrog comes into view.
The bullfrog gives a loud, deep croak!
The bullfrog hits you. x2
You slash the bullfrog!
The bullfrog is severely wounded.
The bullfrog hits you but does no damage.
You hit the bullfrog.
The bullfrog is almost dead.
The bullfrog hits you.
You slash the bullfrog!
You kill the bullfrog!
No target in view!
No target in view!
No target in view!
No target in view!
No target in view!
There is a staircase to the Orcish Mines here.
You feel much better.
Okay, then.
You climb downwards.
Welcome to the Orcish Mines!
There is a staircase back to the Dungeon here.
Found a stone staircase leading down.
There is a stone staircase leading down here.
(D) Dungeon (T) Temple (O) Orcish Mines
Where to? (Enter - D:10, ? - help)
You climb downwards. 6 orcs come into view.
The orc sorcerer is wielding a +0 dagger and wearing a +2 robe of the Archmagi.
The orc high priest shouts!
The orc shouts!
The orc sorcerer shouts!
The orc shouts!
You hear a shout!
Found 34 gold pieces.
Found a stone staircase leading up.
There is a stone staircase leading up here.
You barely miss the orc warrior. You closely miss the orc warrior.
The orc sorcerer casts a spell.
The orc warrior hits you with a +0 halberd!
You slash the orc warrior!
The orc warrior is moderately wounded.
You slash the orc!
You kill the orc!
You barely miss the orc wizard.
The orc wizard hits you but does no damage.
The orc sorcerer gestures wildly while chanting.
You completely miss the orc warrior.
The orc warrior is moderately wounded.
You hit the orc wizard.
The orc high priest calls upon Beogh to heal the orc wizard.
The orc wizard's wounds heal themselves!
The orc warrior hits you with a +0 halberd!
You slash the orc warrior!
The orc warrior is severely wounded.
You hit the orc wizard. You block the orc wizard's attack.
The orc high priest mumbles some strange prayers to Beogh.
You closely miss the orc warrior.
The orc warrior is severely wounded.
You slash the orc wizard!
You kill the orc wizard!
You hit the sun demon but do no damage.
The orc warrior hits you with a +0 halberd!
The sun demon hits you!!
You are engulfed in flames!!
The orc sorcerer gestures wildly while chanting.
The sun demon hits you!
* * * LOW HITPOINT WARNING * * *
You are engulfed in flames!!
* * * LOW HITPOINT WARNING * * *
The orc warrior hits you with a +0 halberd!
You die...

,, * * , , ...#
, ,, , *
....### ,, *
.......,,,,, ,
,*,#......, ,**
, , **
#..$...#### , *
,,**..........#
,. , *
......3.4##<...
* #.o@3...... *
, , ,
#.oo3o..$.. * ,
* ##......... ,
, , ##....4.##
, #####.## , ##
* * *** *


You could see an orc high priest, 2 sun demons, a hellwing (summoned), a
ynoxinul (summoned), a chaos spawn (summoned), an orc sorcerer, an orc warrior
and an orc.

Vanquished Creatures
  An orc warlord (Bailey)
  A hippogriff (D:7)
  9 yaks (D:9)
  A warg (D:10)
  4 orc warriors
  A sky beast (D:10)
  An ogre (D:3)
  A gnoll sergeant (D:10)
  A bullfrog (D:10)
  A wyvern skeleton (D:9)
  A scorpion (D:5)
  5 wights (D:8)
  A howler monkey (D:4)
  2 centaur zombies
  3 orc priests
  2 hounds
  An iguana (D:6)
  2 orc wizards
  2 worker ants
  A killer bee zombie (D:9)
  A hound zombie (D:9)
  2 hound skeletons
  3 adders
  9 gnolls
  2 white imps
  An ufetubus (D:6)
  An ooze (D:2)
  2 worms (D:4)
  12 orcs
  A giant cockroach (D:1)
  5 goblins
  6 hobgoblins
  A quokka (D:6)
  3 frilled lizards
  9 kobolds
  A quokka skeleton (D:9)
100 creatures vanquished.

Vanquished Creatures (others)
  Maggie (D:10)
  A kobold (Bailey)
  47 fungi (D:10)
  45 plants (D:10)
94 creatures vanquished.

Grand Total: 194 creatures vanquished

Notes
Turn   | Place    | Note
-------+----------+-------------------------------------------
     0 | D:1      | EnegeticOcto the Deep Dwarf Fighter began the quest for the
                  | Orb.
     0 | D:1      | Reached XP level 1. HP: 20/20 MP: 1/1
    44 | D:1      | Reached skill level 3 in Axes
    44 | D:1      | Reached XP level 2. HP: 25/27 MP: 2/2
   179 | D:3      | Noticed an ogre
   186 | D:3      | HP: 1/27 [ogre/+0 giant club (16)]
   189 | D:3      | Killed an ogre
   189 | D:3      | Reached skill level 5 in Axes
   189 | D:3      | Reached XP level 3. HP: 22/33 MP: 3/3
   189 | D:3      | Reached XP level 4. HP: 27/40 MP: 4/4
   224 | D:4      | Reached XP level 5. HP: 31/46 MP: 5/5
   230 | D:4      | Reached skill level 6 in Axes
   300 | D:5      | Entered Level 5 of the Dungeon
   300 | D:5      | Found a staircase to the Ecumenical Temple.
   311 | Temple   | Entered the Ecumenical Temple
   324 | Temple   | Became a worshipper of Ru the Awakened
   445 | D:5      | Reached skill level 7 in Axes
   445 | D:5      | Reached XP level 6. HP: 49/55 MP: 6/6
   466 | D:5      | Found a stormy altar of Qazlal.
   548 | D:6      | Your magical essence is drained by the effort!
   594 | D:7      | Noticed a hippogriff
   618 | D:7      | Killed a hippogriff
   618 | D:7      | Reached skill level 8 in Axes
   618 | D:7      | Reached XP level 7. HP: 39/61 MP: 6/6
   635 | D:7      | Found a burning altar of Makhleb.
   703 | D:8      | Reached skill level 1 in Evocations
   707 | D:8      | Your magical essence is drained by the effort!
   708 | D:8      | Reached skill level 9 in Axes
   713 | D:8      | Reached skill level 1 in Spellcasting
   713 | D:8      | Reached skill level 2 in Evocations
   817 | D:8      | Gained mutation: You cannot train Armour skill. [Ru
                  | sacrifice]
   817 | D:8      | Reduced skill Armour to level 0
   817 | D:8      | Reached * piety under Ru
   896 | D:9      | Noticed a yak
   896 | D:9      | Noticed a yak
   896 | D:9      | Noticed a yak
   897 | D:9      | Noticed a yak
   903 | D:9      | Noticed a yak
   910 | D:9      | Killed a yak
   910 | D:9      | Reached skill level 3 in Evocations
   910 | D:9      | Reached XP level 8. HP: 54/68 MP: 8/8
   920 | D:9      | Reached skill level 2 in Spellcasting
   927 | D:9      | Reached skill level 10 in Axes
   927 | D:9      | Reached skill level 4 in Evocations
   947 | D:9      | Reached skill level 3 in Spellcasting
  1033 | D:9      | Reached skill level 5 in Evocations
  1037 | D:9      | Reached skill level 11 in Axes
  1046 | D:9      | Gained mutation: You passively map the area around you.
                  | [Deep Dwarf growth]
  1046 | D:9      | Reached XP level 9. HP: 54/74 MP: 12/12
  1131 | D:10     | Entered Level 10 of the Dungeon
  1131 | D:10     | Noticed Maggie
  1145 | D:10     | Reached skill level 4 in Spellcasting
  1146 | D:10     | Killed Maggie
  1146 | D:10     | Reached skill level 12 in Axes
  1158 | D:10     | Found a staircase to the Orcish Mines.
  1208 | D:10     | Reached skill level 1 in Dodging
  1213 | D:10     | Reached skill level 3 in Fighting
  1249 | D:10     | Reached skill level 2 in Dodging
  1249 | D:10     | Reached skill level 4 in Shields
  1305 | D:10     | Found a flagged portal.
  1316 | Bailey   | Entered a bailey
  1320 | Bailey   | Learned a level 2 spell: Blink
  1329 | Bailey   | Noticed an orc warlord
  1384 | Bailey   | Found a runed translucent gate.
  1386 | Bailey   | Found a runed translucent gate.
  1389 | Bailey   | Found a runed translucent gate.
  1407 | Bailey   | Your magical essence is drained by the effort!
  1429 | Bailey   | Killed an orc warlord
  1429 | Bailey   | Reached skill level 4 in Fighting
  1429 | Bailey   | Reached skill level 13 in Axes
  1429 | Bailey   | Reached skill level 3 in Dodging
  1429 | Bailey   | Reached skill level 5 in Shields
  1429 | Bailey   | Reached XP level 10. HP: 59/86 MP: 13/13
  1455 | Bailey   | Reached skill level 16 in Axes
  1455 | Bailey   | Reached XP level 11. HP: 63/92 MP: 14/14
  1463 | Bailey   | Got a shimmering hand axe
  1464 | Bailey   | Identified the +3 hand axe of the Endless Princes {vorpal,
                  | Dex+3} (You found it in a bailey)
  1465 | Bailey   | Identified a scroll of acquirement
  1601 | Orc:1    | Entered Level 1 of the Orcish Mines
  1613 | Orc:2    | Entered Level 2 of the Orcish Mines
  1613 | Orc:2    | Noticed an orc high priest
  1613 | Orc:2    | Noticed an orc sorcerer
  1617 | Orc:2    | Noticed a sun demon
  1619 | Orc:2    | Noticed a sun demon
  1620 | Orc:2    | HP: 3/92 [sun demon[an orc high priest] (18)]
  1620 | Orc:2    | Mangled by an orc warrior

Illustrated notes

Levels and vault maps discovered:
D:1:      mushboom_english_gardens, layout_basic, due_unseen_surprise
D:2:      layout_loops_ring
D:3:      layout_basic
D:4:      black_bear_nest_2, layout_rooms
D:5:      layout_cave_pools, minmay_temple_entry_trees, enter_ossuary_2,
          hangedman_decor_opposing, nicolae_qazlal_general_emergency
D:6:      layout_loops_ring, kennysheep_vampire_church,
          hangedman_abyss_or_decor_slice, minivault_22, uniq_eustachio,
          uniq_grinder
D:7:      layout_cave_pools, gammafunk_ghost_necromancy, basic_altar
D:8:      layout_loops_ring
D:9:      layout_loops_ring, tgw_fedhas
D:10:     layout_loops_ring, due_lair_maze_entry_diamond, david_orc_3,
          enter_bailey_2, serial_co_window_serial, co_window_of_opportunity_a,
          co_window_corner_a, co_window_of_opportunity_a, co_window_corner_a,
          co_window_paths_a, co_window_paths_c, co_window_paths_c,
          co_window_cross_3, co_window_corner_b, co_window_corner_cb,
          glass_columns_c, uniq_maggie
Temple:   nicolae_temple_the_god_donut
Orc:1:    layout_diamond_mine, serial_shops, nicolae_shop_waterfront
Orc:2:    st_orc_mages, layout_diamond_mine

Skill      XL: |  1  2  3  4  5  6  7  8  9 10 |
---------------+-------------------------------+-----
Axes           | 3 5 7 8 9 11 13 16 | 16.0
Evocations     | 3 5 |  5.0
Spellcasting   | 1 3 4 |  4.0
Armour         | 0 |  0.0
Dodging        | 3 |  3.7
Fighting       | 4 |  4.3
Shields        | 5 |  5.2

Action                   |  1- 3 |  4- 6 |  7- 9 | 10-12 || total
-------------------------+-------+-------+-------+-------++-------
Melee: War axe           |    26 |    87 |   148 |       ||   261
       Hand axe          |       |       |    74 |    18 ||    92
Throw: Dart              |       |       |     6 |       ||     6
Invok: Sacrifice Durabil |       |       |     1 |       ||     1
 Abil: Heal Wounds       |     1 |     4 |    16 |     1 ||    22
Evoke: Wand              |       |       |     4 |       ||     4
  Use: Scroll            |       |       |     8 |     1 ||     9
       Potion            |       |       |       |     1 ||     1
 Stab: Distracted        |       |       |     1 |       ||     1
Armor: Scale mail        |    11 |    56 |    50 |       ||   117
       Plate armour      |       |       |    48 |     8 ||    56
Dodge: Dodged            |    11 |    52 |    63 |     3 ||   129
Block: Kite shield       |    15 |    71 |   137 |     7 ||   230

Table legend: (Time is in decaauts)
 A = Elapsed time spent in this place.
 B = Non-inter-level travel time spent in this place.
 C = Inter-level travel time spent in this place.
 D = Time resting spent in this place.
 E = Time spent auto-exploring this place.
 F = Levels seen in this place.
 G = Mean time per level.
                   A        B        C        D        E       F      G
               +--------+--------+--------+--------+--------+-----+--------+
         Total |   1650 |   1606 |     44 |      0 |      0 |  14 |  117.9 |
       Dungeon |   1420 |   1377 |     43 |      0 |      0 |  10 |  142.0 |
        Temple |     26 |     26 |      0 |      0 |      0 |   1 |   26.0 |
  Orcish Mines |     16 |     15 |      1 |      0 |      0 |   2 |    8.0 |
        Bailey |    187 |    187 |      0 |      0 |      0 |   1 |  187.0 |
               +--------+--------+--------+--------+--------+-----+--------+

Top non-repeatable levels by time:
     D:9: 304 daAuts
    D:10: 258 daAuts
  Bailey: 187 daAuts
     D:8: 173 daAuts
     D:5: 135 daAuts
     D:4: 133 daAuts
     D:6: 91 daAuts
     D:1: 90 daAuts
     D:7: 90 daAuts
     D:2: 79 daAuts
     D:3: 63 daAuts
  Temple: 26 daAuts
   Orc:1: 11 daAuts
   Orc:2: 4 daAuts
